 Dungeon Crawl Stone Soup version 0.21.1-1-g345015f (webtiles) character file.

102 ByGGy the Ducker (level 4, 0/44 HPs)
             Began as a Troll Fighter on June 19, 2018.
             Was an Initiate of Wu Jian.
             Slain by Terence
             ... wielding a +0 trident of protection
              (7 damage)
             ... on level 3 of the Dungeon.
             The game lasted 00:08:16 (1450 turns).

ByGGy the Ducker (Troll Fighter)                    Turns: 1450, Time: 00:08:17

Health: 0/44       AC:  5    Str: 25    XL:     4   Next: 50%
Magic:  3/3        EV:  8    Int:  4    God:    Wu Jian [......]
Gold:   38         SH:  9    Dex:  9    Spells: 3/3 levels left

rFire    . . .     SeeInvis .     - Unarmed
rCold    . . .     Gourm    +   b - +0 shield
rNeg     . . .     Faith    .   a - +0 robe
rPois    .         Spirit   .   (helmet restricted)
rElec    .         Reflect  .   (no cloak)
rCorr    .         Harm     .   (gloves unavailable)
MR       .....                  (boots unavailable)
Stlth    +.........             (no amulet)
HPRegen  0.54/turn              (no ring)
MPRegen  0.08/turn              (no ring)

@: about to teleport
A: large, unfitting armour, claws 3, fast metabolism 3, gourmand, regeneration
1, shaggy fur 1, tough skin 2
a: Renounce Religion


You were on level 3 of the Dungeon.
You worshipped Wu Jian.
Wu Jian was noncommittal.
You were completely stuffed.

You visited 1 branch of the dungeon, and saw 3 of its levels.

You collected 38 gold pieces.

Inventory:

Hand Weapons
 g - a +0 dagger
 i - a +0 hand axe
 m - a +0 short sword
 o - a +0 hunting sling
Missiles
 e - 88 stones (quivered)
 h - 39 sling bullets
 l - 32 bolts
 u - a throwing net
Armour
 a - a +0 robe (worn)
 b - a +0 shield (worn)
 p - a +0 robe
 v - a +0 robe
Scrolls
 n - a scroll of random uselessness {unknown}
 r - 2 scrolls of identify {unknown}
Potions
 c - a potion of might
 k - 2 potions of lignification {unknown}
 q - a potion of flight {unknown}
 s - a potion of curing {unknown}
Comestibles
 d - 3 rations
 t - 4 chunks of flesh


   Skills:
 + Level 2.7 Fighting
 + Level 3.3 Dodging
 + Level 3.1 Shields
 + Level 2.7 Unarmed Combat


You had 3 spell levels left.
You didn't know any spells.

Dungeon Overview and Level Annotations

Branches:
Dungeon (3/15)

Altars:
Wu Jian

Annotations:
D:3 Terence


Innate Abilities, Weirdness & Mutations

You are too large for most types of armour.
You have claws for hands.
Your metabolism is lightning-fast.
You like to eat raw meat.
Your natural rate of healing is unusually fast.
You are covered in fur. (AC +1)
You have very tough skin. (AC +2)


Message History

You block the hobgoblin's attack. The kobold barely misses you.
You block the goblin's attack.
You closely miss the goblin.
Terence hits you from afar with a trident of protection!
* * * LOW HITPOINT WARNING * * *
You block the goblin's attack. The hobgoblin closely misses you.
The goblin hits you.
* * * LOW HITPOINT WARNING * * *
The kobold barely misses you.
As you read the scroll labeled COSHRU AXIEF, it crumbles to dust.
You feel strangely unstable.
It was a scroll of teleportation.
Terence hits you from afar with a trident of protection.
* * * LOW HITPOINT WARNING * * *
The goblin barely misses you. You block the kobold's attack.
The hobgoblin closely misses you. The goblin barely misses you.
You scratch the goblin.
You kill the goblin!
The Council accepts your kill.
Terence hits you from afar with a trident of protection!
You die...

#.... ....# ....
...# ...####
.......
#######...####
.#....)@g@.....
.........gK......
##.#.............
#######...###.
..... .....#
...#.# ...#.#
.... .


You could see Terence, a hobgoblin, a goblin and a kobold.

Vanquished Creatures
  3 gnolls (D:2)
  An ooze (D:1)
  3 worms (D:2)
  4 dart slugs
  A ball python (D:2)
  2 giant cockroaches
  5 goblins
  11 hobgoblins
  4 jackals (D:1)
  5 kobolds
  A quokka (D:3)
  3 bats
  2 frilled lizards
  5 rats
50 creatures vanquished.

Notes
Turn   | Place    | Note
-------+----------+-------------------------------------------
     0 | D:1      | ByGGy the Troll Fighter began the quest for the Orb.
     0 | D:1      | Reached XP level 1. HP: 22/22 MP: 0/0
   153 | D:1      | Reached XP level 2. HP: 29/29 MP: 1/1
   377 | D:1      | Reached XP level 3. HP: 36/36 MP: 2/2
   553 | D:2      | Found an ornate altar of the Wu Jian Council.
   582 | D:2      | Became a worshipper of the Wu Jian Council
  1121 | D:2      | Reached XP level 4. HP: 40/44 MP: 3/3
  1437 | D:3      | Noticed Terence
  1450 | D:3      | Slain by Terence

Skill      XL: |  1  2  3  4 |
---------------+-------------+-----
Dodging        | 3 |  3.3
Shields        | 3 |  3.1
Fighting       | |  2.7
Unarmed Combat | |  2.7

Action                   |  1- 3 |  4- 6 || total
-------------------------+-------+-------++-------
Melee: Unarmed           |   106 |    38 ||   144
Invok: Lunge             |     2 |     4 ||     6
  Use: Scroll            |       |     2 ||     2
  Eat: Chunk             |    13 |     6 ||    19
Armor: Robe              |    64 |    16 ||    80
Dodge: Dodged            |    44 |    26 ||    70
Block: Shield            |    63 |    34 ||    97
